 Dungeon Crawl Stone Soup version 0.27-a0-1612-gde56a17b89 (webtiles) character file.

Game seed: 7313601547412475676

73 pokeman the Magician (level 4, 0/25 HPs)
             Began as a Deep Elf Hedge Wizard on July 21, 2021.
             Slain by a worm (10 damage)
             ... on level 3 of the Dungeon.
             The game lasted 00:07:00 (3201 turns).

pokeman the Magician (Deep Elf Hedge Wizard)        Turns: 3201, Time: 00:07:01

Health: 0/25       AC:  3    Str:  7    XL:     4   Next: 8%
Magic:  0/13       EV: 12    Int: 20    God:
Gold:   57         SH:  0    Dex: 14    Spells: 2/13 levels left

rFire    . . .     SeeInvis .   a - +0 dagger
rCold    . . .     Faith    .   (no shield)
rNeg     . . .     Spirit   .   d - +0 leather armour
rPois    .         Reflect  .   c - +0 hat
rElec    .         Harm     .   (no cloak)
rCorr    .         Rampage  .   (no gloves)
Will     .....                  (no boots)
Stlth    ++........             (no amulet)
HPRegen  0.08/turn              (no ring)
MPRegen  0.13/turn              (no ring)

@: no status effects
A: no striking features
a: no special abilities


You were on level 3 of the Dungeon.
You visited 1 branch of the dungeon, and saw 3 of its levels.

You collected 57 gold pieces.

Inventory:

Hand Weapons
 a - a +0 dagger (weapon)
Armour
 c - a +0 hat (worn)
 d - a +0 leather armour (worn)
Scrolls
 b - a scroll of fog {unknown}
 e - 2 scrolls of enchant weapon {unknown}
 f - 3 scrolls of identify {unknown}
 g - a scroll of fear {unknown}
 h - a scroll of teleportation {unknown}
Potions
 i - a potion of curing {unknown}
 j - a potion of resistance {unknown}


   Skills:
 - Level 1.0 Fighting
 - Level 1.0 Armour
 + Level 2.6 Dodging
 - Level 2.4 Stealth
 * Level 5.4 Spellcasting
 + Level 2.1 Conjurations
 - Level 1.1 Summonings
 - Level 1.1 Translocations
 + Level 0.5 Fire Magic


You had 2 spell levels left.
You knew the following spells:

 Your Spells              Type           Power      Damage    Failure   Level
a - Magic Dart            Conj           52%        1d5       7%          1
b - Mephitic Cloud        Conj/Pois/Air  8%         N/A       36%         3
c - Call Imp              Summ           9%         N/A       16%         2
d - Blink                 Tloc           N/A        N/A       16%         2
e - Conjure Flame         Conj/Fire      10%        6-21      28%         3

Your spell library contained the following spells:

 Spells                   Type           Power      Damage    Failure   Level
 Apportation              Tloc           18%        N/A       11%         1
 Corpse Rot               Necr/Air       N/A        N/A       24%         2
 Slow                     Hex            5%         N/A       24%         2
 Dispel Undead            Necr           5%         3d7       85%         4
 Leda's Liquefaction      Hex/Erth       2%         N/A       85%         4
 Bolt of Magma            Conj/Fire/Erth 4%         4d5       97%         5
 Alistair's Intoxication  Tmut/Pois      3%         N/A       99%         5
 Death Channel            Necr           2%         N/A       100%        6
 Invisibility             Hex            2%         N/A       100%        6
 Statue Form              Tmut/Erth      3%         N/A       100%        6


Dungeon Overview and Level Annotations

Branches:
Dungeon (3/15)

Altars:

Annotations:
D:3 Robin


Message History

You barely miss the worm.
The worm is almost dead.
The worm closely misses you.
You hit the worm but do no damage.
The worm is almost dead.
Casting: Magic Dart (safe; 7% risk of failure)
Confirm with . or Enter, or press ? or * to list all spells.
Aiming: Magic Dart (safe; 7% risk of failure)
Press: ? - help, Shift-Dir - straight line, f/p - worm
Aim: a worm (severely wounded, 100% to hit)
The magic dart hits the worm.
The worm is almost dead.
The worm closely misses you.
You barely miss the worm.
The worm is severely wounded.
The worm barely misses you.
You hit the worm.
The worm is severely wounded.
You hit the worm.
The worm is almost dead.
The worm barely misses you.
You hit the worm but do no damage.
The worm is almost dead.
You barely miss the worm.
The worm is almost dead.
The worm bites you.
You barely miss the worm.
The worm is severely wounded.
The worm barely misses you.
You hit the worm but do no damage.
The worm is severely wounded.
Casting: Magic Dart (safe; 7% risk of failure)
Confirm with . or Enter, or press ? or * to list all spells.
Aiming: Magic Dart (safe; 7% risk of failure)
Press: ? - help, Shift-Dir - straight line, f/p - worm
Aim: a worm (severely wounded, 100% to hit)
The magic dart hits the worm.
The worm is almost dead.
The worm bites you!
You die...

######## ##......## ##........##
#..........# #..........#
#...@......# #...w......# #
#..........# # #### ##........##
# ....##..........####### ##
...#...............># #.
..................###.
###..).............##..
#############...................#


You could see a worm.

Vanquished Creatures
  An adder (D:3)
  2 dart slugs (D:1)
  6 ball pythons
  2 bats (D:2)
  3 endoplasms (D:1)
  2 giant cockroaches
  12 goblins
  5 hobgoblins
  3 jackals
  4 kobolds
  3 quokkas
  A frilled lizard (D:2)
  7 rats
51 creatures vanquished.

Vanquished Creatures (others)
  A plant (D:2)
1 creature vanquished.

Grand Total: 52 creatures vanquished

Notes
Turn   | Place    | Note
-------+----------+-------------------------------------------
     0 | D:1      | pokeman the Deep Elf Hedge Wizard began the quest for the
                  | Orb.
     0 | D:1      | Reached XP level 1. HP: 10/10 MP: 7/7
   541 | D:1      | Reached XP level 2. HP: 13/15 MP: 1/9
  1402 | D:2      | Reached skill level 5 in Spellcasting
  1511 | D:2      | Reached XP level 3. HP: 20/20 MP: 8/11
  1515 | D:2      | Learned a level 3 spell: Mephitic Cloud
  1518 | D:2      | Learned a level 2 spell: Call Imp
  1521 | D:2      | Learned a level 2 spell: Blink
  1525 | D:2      | Learned a level 3 spell: Conjure Flame
  2176 | D:3      | Reached skill level 1 in Fighting
  2176 | D:3      | Reached skill level 1 in Armour
  2495 | D:3      | Noticed Robin
  2951 | D:3      | Noticed a necrophage
  2952 | D:3      | Reached XP level 4. HP: 25/25 MP: 8/13
  3201 | D:3      | Slain by a worm

Illustrated notes

Levels and vault maps discovered:
D:1:      dpeg_arrival_pits, layout_basic
D:2:      layout_rooms, chequers_big_river, grunt_decor_cap
D:3:      layout_rooms, minmay_liquid_box, uniq_robin

Skill      XL: |  1  2  3 |
---------------+----------+-----
Spellcasting   | 5 |  5.4
Fighting       | 1 |  1.0
Armour         | 1 |  1.0
Conjurations   | 2 |  2.1
Dodging        | |  2.6
Stealth        | |  2.4
Summonings     | |  1.1
Translocations | |  1.1
Fire Magic     | |  0.5

Action                   |  1- 3 |  4- 6 || total
-------------------------+-------+-------++-------
Melee: Dagger            |       |    11 ||    11
 Cast: Magic Dart        |   121 |    27 ||   148
Armor: Leather armour    |     5 |     3 ||     8
Dodge: Dodged            |    20 |    14 ||    34

Table legend: (Time is in decaauts)
 A = Elapsed time spent in this place.
 B = Non-inter-level travel time spent in this place.
 C = Inter-level travel time spent in this place.
 D = Time resting spent in this place.
 E = Time spent auto-exploring this place.
 F = Levels seen in this place.
 G = Mean time per level.
                   A        B        C        D        E       F      G
               +--------+--------+--------+--------+--------+-----+--------+
         Total |   3215 |   3074 |    141 |    300 |   2395 |   3 | 1071.7 |
       Dungeon |   3215 |   3074 |    141 |    300 |   2395 |   3 | 1071.7 |
               +--------+--------+--------+--------+--------+-----+--------+

Top non-repeatable levels by time:
     D:1: 1459 daAuts
     D:2: 1018 daAuts
     D:3: 737 daAuts
